 Dungeon Crawl Stone Soup version 0.31.0-11-ge490571c62 (webtiles) character file.

Game seed: 7110029239776961779

497 qw the Ducker (level 6, -9/32 HPs)
             Began as a Spriggan Hunter on Feb 4, 2024.
             Mangled by a gnoll
             ... wielding a +0 halberd
              (13 damage)
             ... on level 5 of the Dungeon.
             The game lasted 00:00:11 (3090 turns).

qw the Ducker (Spriggan Hunter)                     Turns: 3090, Time: 00:00:12

Health: -9/32      AC:  2    Str: 13    XL:     6   Next: 93%
Magic:  7/7        EV: 22    Int: 10    God:
Gold:   227        SH:  0    Dex: 21    Spells: 5/5 levels left

rFire   . . .        a - +1 shortbow
rCold   . . .        (shield currently unavailable)
rNeg    . . .        c - +0 robe
rPois   .            (helmet restricted)
rElec   .            (no cloak)
rCorr   .            (gloves unavailable)
SInv    +            (boots unavailable)
Will    ++...        g - amulet of regeneration
Stlth   ++           j - +6 ring of strength
HPRegen 1.05/turn    (no ring)
MPRegen 0.10/turn

%: no passive effects
@: enlightened, flying, very quick
A: very small, no large weapons, unfitting armour, see invisible, speed 3
a: no special abilities


You were on level 5 of the Dungeon.
You visited 1 branch of the dungeon, and saw 5 of its levels.

You collected 227 gold pieces.


Innate Abilities, Weirdness & Mutations

You are very small and have problems with some larger weapons.
You are too small for most types of armour.
You have supernaturally acute eyesight. (SInv)
You cover ground extremely quickly. (Speed+++)


   Skills:
 - Level 3.4 Fighting
 + Level 5.4 Ranged Weapons
 - Level 7.0 Dodging
 - Level 1.5 Stealth


You had 5 spell levels left.
You didn't know any spells.
Your spell library was empty.

Inventory:

Hand Weapons
 a - a +1 shortbow (weapon)
Armour
 c - a +0 robe (worn)
Jewellery
 g - an amulet of regeneration (around neck)
 j - a +6 ring of strength (left hand)
Wands
 f - a wand of iceblast (1)
Potions
 d - 2 potions of curing
 e - a potion of enlightenment

Dungeon Overview and Level Annotations

Branches:
Dungeon (5/15)             Temple (0/1) D:4

Altars:
Gozag
Trog

Shops:
D:1 **[((

Annotations:
D:1 2 transporters
D:3 2 transporters, qw's ghost, amateur SpHu
D:4 Natasha


Message History

A gnoll comes into view. It is wielding a +0 halberd.
A gnoll comes into view. It is wielding a +0 spear.
You shoot an arrow. The arrow closely misses the gnoll.
The gnoll shouts! x3
A gnoll comes into view. It is wielding a +0 whip.
A shadow imp comes into view.
You shoot an arrow.
The arrow closely misses the shadow imp.
The shadow imp shouts, "Beg for mercy, thou fawning ill-breeding guttersnipe!"
You shoot an arrow. The arrow hits the shadow imp!
The shadow imp is severely wounded.
The shadow imp gestures at you. You resist with almost no effort.
You shoot an arrow.
The arrow closely misses the shadow imp.
You shoot an arrow. The arrow hits the shadow imp!
You kill the shadow imp!
The gnoll closely misses you.
You shoot an arrow. The arrow hits the gnoll.
The gnoll is lightly wounded.
The gnoll barely misses you. The gnoll completely misses you.
You shoot an arrow. The arrow barely misses the gnoll.
The gnoll hits you from afar with a +0 halberd!
The gnoll hits you from afar with a +0 spear.
You shoot an arrow. The arrow barely misses the gnoll.
The gnoll completely misses you. x2; The gnoll misses you.
You shoot an arrow. The arrow hits the gnoll.
The gnoll is moderately wounded.
The gnoll hits you from afar with a +0 spear.
The gnoll closely misses you. The gnoll completely misses you.
You shoot an arrow. The arrow hits the gnoll.
The gnoll is severely wounded.
The gnoll completely misses you. The gnoll barely misses you.
The gnoll hits you from afar with a +0 spear.
You shoot an arrow. The arrow hits the gnoll.
The gnoll is almost dead.
The gnoll misses you.
The gnoll hits you from afar with a +0 spear!
The gnoll hits you from afar with a +0 halberd!
You die...

#### ###.>#
#<..##
###.### #..(#
#@###
....gg..[...#
.....gg.#####
........#
........#
.........
.........
........#


You could see 4 gnolls.

Vanquished Creatures
  Grinder (D:3)
  Sigmund (D:3)
  Terence (D:3)
  5 adders
  A shadow imp (D:5)
  3 dart slugs
  A ribbon worm (D:3)
  3 ball pythons
  9 endoplasms
  A giant cockroach (D:1)
  4 goblins
  7 hobgoblins
  7 jackals
  7 kobolds
  4 quokkas
  4 bats
  A frilled lizard (D:3)
  7 rats
67 creatures vanquished.

Notes
Turn   | Place    | Note
-------+----------+-------------------------------------------
     0 | D:1      | qw the Spriggan Hunter began the quest for the Orb.
     0 | D:1      | Reached XP level 1. HP: 10/10 MP: 2/2
     0 | D:1      | 0 ||| qw: Version: 0.3-a-160-g6735b56
     0 | D:1      | 0 ||| qw: Game counter: 4766
     0 | D:1      | 0 ||| qw: Melee chars always use a shield: true
     0 | D:1      | 0 ||| qw: God list: Okawaru
     0 | D:1      | 0 ||| qw: Allow faded altars: false
     0 | D:1      | 0 ||| qw: Do Orc after clearing Dungeon:15 true
     0 | D:1      | 0 ||| qw: Do second Lair branch before Depths: true
     0 | D:1      | 0 ||| qw: Lair rune preference: random
     0 | D:1      | 0 ||| qw: Goals: Normal
     0 | D:1      | 0 ||| PLANNING D:1-11
    74 | D:1      | Found Rigru's Weapon Emporium.
   114 | D:1      | Reached skill level 3 in Dodging
   205 | D:1      | Found Omnoubbyju's Armour Boutique.
   223 | D:1      | Found Guisol's Weapon Shop.
   317 | D:1      | Reached XP level 2. HP: 14/14 MP: 3/3
   361 | D:1      | Found Zacoxt's General Store.
   364 | D:1      | 364 ||| SHOPLISTING +2 heavy sling (161 gold, have 20).
   364 | D:1      | 364 ||| SHOPLISTING potion of curing (33 gold, have 20).
   417 | D:1      | Reached skill level 4 in Dodging
   669 | D:1      | Found a transporter.
   669 | D:1      | Found Plog's General Store.
   671 | D:1      | Found a transporter.
   881 | D:1      | 881 ||| UPGRADING to amulet of regeneration.
   886 | D:1      | 886 ||| READING scroll labelled TIRETS XOZYNUOC.
   886 | D:1      | 886 ||| IDENTIFYING pink potion
   887 | D:1      | 887 ||| DROPPING scroll of butterflies.
   963 | D:2      | Reached XP level 3. HP: 18/18 MP: 4/4
  1131 | D:2      | Found a bloodstained altar of Trog.
  1332 | D:2      | Reached XP level 4. HP: 22/22 MP: 5/5
  1626 | D:2      | 1626 ||| DROPPING amulet of guardian spirit.
  1669 | D:3      | Noticed qw's ghost (amateur SpHu)
  1670 | D:3      | Found a transporter.
  1670 | D:3      | Found a transporter.
  1670 | D:3      | Identified the +6 dire flail "Hodecuus" {flame, rF- rC+++
                  | Int+3 Dex-3}
  1670 | D:3      | Noticed an ogre
  1721 | D:3      | Noticed Sigmund
  1724 | D:3      | 1724 ||| FLEEEEING.
  1725 | D:3      | 1725 ||| FLEEEEING.
  1726 | D:3      | 1726 ||| FLEEEEING.
  1728 | D:3      | 1728 ||| FLEEEEING.
  1729 | D:3      | 1729 ||| FLEEEEING.
  1731 | D:3      | 1731 ||| FLEEEEING.
  1732 | D:3      | 1732 ||| FLEEEEING.
  1733 | D:3      | 1733 ||| FLEEEEING.
  1737 | D:3      | 1737 ||| ZAPPING wand of iceblast (6) at 0,3 (floor).
  1737 | D:3      | Killed Sigmund
  1738 | D:3      | Reached skill level 7 in Dodging
  1738 | D:3      | Reached XP level 5. HP: 25/25 MP: 6/6
  1767 | D:3      | Noticed Grinder
  1768 | D:3      | 1768 ||| ZAPPING wand of iceblast (5) at -4,-4 (Grinder;
                  | floor).
  1769 | D:3      | 1769 ||| ZAPPING wand of iceblast (4) at -3,-3 (Grinder;
                  | floor).
  1770 | D:3      | 1770 ||| ZAPPING wand of iceblast (3) at -2,-2 (Grinder;
                  | floor).
  1776 | D:3      | 1776 ||| ZAPPING wand of iceblast (2) at -5,-5 (Grinder;
                  | floor).
  1776 | D:3      | Killed Grinder
  1777 | D:3      | Reached skill level 3 in Fighting
  1777 | D:3      | Reached XP level 6. HP: 32/32 MP: 7/7
  1797 | D:3      | Noticed Terence
  1807 | D:3      | Killed Terence
  1947 | D:3      | Identified the +6 flail "Utyg" {chaos, Will+}
  2184 | D:3      | 2184 ||| READING 2 scrolls of identify.
  2184 | D:3      | 2184 ||| IDENTIFYING grey potion
  2185 | D:3      | 2185 ||| READING scroll of identify.
  2185 | D:3      | 2185 ||| IDENTIFYING yellow potion
  2186 | D:3      | 2186 ||| READING 2 scrolls labelled XETTIBO VAGOY.
  2187 | D:3      | 2187 ||| READING scroll labelled ZIRCHE GAOKIME.
  2187 | D:3      | 2187 ||| ENCHANTING +0 shortbow.
  2188 | D:3      | 2188 ||| DROPPING potion of magic.
  2189 | D:3      | 2189 ||| DROPPING potion of berserk rage.
  2190 | D:3      | 2190 ||| DROPPING scroll of poison.
  2192 | D:3      | 2192 ||| Stepping ~*~*~tactically~*~*~ (cloud).
  2321 | D:4      | Noticed Natasha
  2323 | D:4      | 2323 ||| FLEEEEING.
  2324 | D:4      | 2324 ||| FLEEEEING.
  2325 | D:4      | 2325 ||| FLEEEEING.
  2326 | D:4      | 2326 ||| FLEEEEING.
  2327 | D:4      | 2327 ||| FLEEEEING.
  2328 | D:4      | 2328 ||| FLEEEEING.
  2329 | D:4      | 2329 ||| FLEEEEING.
  2330 | D:4      | 2330 ||| FLEEEEING.
  2331 | D:4      | 2331 ||| FLEEEEING.
  2332 | D:4      | 2332 ||| FLEEEEING.
  2333 | D:4      | 2333 ||| FLEEEEING.
  2334 | D:4      | 2334 ||| FLEEEEING.
  2335 | D:4      | 2335 ||| FLEEEEING.
  2336 | D:4      | 2336 ||| FLEEEEING.
  2337 | D:4      | 2337 ||| FLEEEEING.
  2338 | D:4      | 2338 ||| FLEEEEING.
  2339 | D:4      | 2339 ||| READING scroll labelled IGAEMU ALAMO.
  2340 | D:4      | 2340 ||| FLEEEEING.
  2402 | D:4      | Found an opulent altar of Gozag.
  2816 | D:4      | Found a staircase to the Ecumenical Temple.
  2817 | D:4      | 2817 ||| PLANNING TEMPLE
  2892 | D:4      | 2892 ||| DROPPING amulet of magic regeneration.
  2893 | D:4      | 2893 ||| UPGRADING to +6 ring of strength.
  2894 | D:4      | 2894 ||| READING scroll labelled QUX ORGHE YMAO.
  3035 | D:4      | 3035 ||| READING scroll labelled VIGROZ ZASUEBE.
  3049 | D:4      | 3049 ||| DRINKING 2 viscous emerald potions.
  3070 | D:5      | Entered Level 5 of the Dungeon
  3071 | D:5      | 3071 ||| PLANNING OSSUARY
  3090 | D:5      | HP: 4/32 [gnoll/+0 spear (8)]
  3090 | D:5      | Mangled by a gnoll

Levels and vault maps discovered:
D:1:      minmay_arrival_loop, layout_loops_corners, serial_shops, shop,
          nicolae_shop_real_fake_doors, nicolae_shop_bloodbath_and_beyond,
          nicolae_shop_competitors_out_of_business, nicolae_shop_drivethru
D:2:      layout_loops_cross, basic_altar, minmay_pentomino_q4
D:3:      layout_rooms, gammafunk_ghost_smash, uniq_grinder, uniq_sigmund,
          uniq_terence
D:4:      layout_loops_corners, grunt_gozag_statues,
          minmay_temple_entry_from_below_a, serial_glass, glass_columns_a,
          glass_columns_a, item_on_display_a, item_on_display_b,
          due_unseen_surprise, uniq_natasha
D:5:      layout_rooms, nicolae_ossuary_entry_plus, gammafunk_ghost_necromancy,
          hangedman_decor_growths, chequers_garden

Skill      XL: |  1  2  3  4  5 |
---------------+----------------+-----
Dodging        | 3 4 7 |  7.0
Ranged Weapons | 5 |  5.4
Fighting       | 3 |  3.4
Stealth        | |  1.5

Action                     |  1- 3 |  4- 6 || total
---------------------------+-------+-------++-------
   Fire: Shortbow          |   114 |    95 ||   209
  Evoke: Wand              |       |     5 ||     5
    Use: Scroll            |     1 |     7 ||     8
         Potion            |       |     1 ||     1
 Armour: Robe              |    11 |    11 ||    22
  Dodge: Dodged            |    42 |    40 ||    82

Table legend:
 A = Non-vault XP
 B = Vault XP
 C = Vault XP percentage of total XP
 D = Non-vault monster count
 E = Vault monster count
 F = Vault count percentage of total count
                 A         B        C        D         E       F
            +---------+---------+-------+---------+---------+-------
      Total |     179 |     532 |  74.8 |      61 |       6 |   9.0
            +---------+---------+-------+---------+---------+-------
        D:1 |      25 |       0 |   0.0 |      14 |       0 |   0.0
        D:2 |      76 |       5 |   6.2 |      25 |       3 |  10.7
        D:3 |      44 |     527 |  92.3 |      11 |       3 |  21.4
        D:4 |      22 |       0 |   0.0 |      10 |       0 |   0.0
        D:5 |      12 |       0 |   0.0 |       1 |       0 |   0.0
            +---------+---------+-------+---------+---------+-------
